 Dungeon Crawl Stone Soup version 0.27.1-16-g815e20cd7a (webtiles) character file.

Game seed: 3438167273906358859

7 spaced the Vexing (level 2, -2/19 HPs)
             Began as a Human Wanderer on Nov 22, 2021.
             Slain by a goblin (3 damage)
             ... on level 1 of the Dungeon.
             The game lasted 00:02:45 (807 turns).

spaced the Vexing (Human Wanderer)                   Turns: 807, Time: 00:02:46

Health: -2/19      AC:  2    Str: 10    XL:     2   Next: 10%
Magic:  0/5        EV: 11    Int: 10    God:
Gold:   73         SH:  0    Dex: 16    Spells: 3/5 levels left

rFire    . . .     SeeInvis .   a - +0 dagger
rCold    . . .     Faith    .   (no shield)
rNeg     . . .     Spirit   .   b - +0 robe
rPois    .         Reflect  .   (no helmet)
rElec    .         Harm     .   (no cloak)
rCorr    .         Rampage  .   (no gloves)
Will     .....                  (no boots)
Stlth    ++........             (no amulet)
HPRegen  0.06/turn              (no ring)
MPRegen  0.09/turn              (no ring)

@: no status effects
A: no striking features
a: no special abilities


You were on level 1 of the Dungeon.
You visited 1 branch of the dungeon, and saw 1 of its levels.

You collected 73 gold pieces.

Inventory:

Hand Weapons
 a - a +0 dagger (weapon)
Missiles
 d - 3 boomerangs (quivered)
Armour
 b - a +0 robe (worn)
Scrolls
 c - a scroll of magic mapping {unknown}
 e - a scroll of amnesia {unknown}
Potions
 f - a potion of flight {unknown}


   Skills:
 + Level 1.0 Throwing
 + Level 1.0 Stealth
 + Level 2.2 Spellcasting
 + Level 3.1 Conjurations
 + Level 3.2 Hexes


You had 3 spell levels left.
You knew the following spells:

 Your Spells              Type           Power      Damage    Failure   Level
a - Magic Dart            Conj           28%        1d4       9%          1
b - Corona                Hex            7%         N/A       9%          1

Your spell library contained the following spells:

 Spells                   Type           Power      Damage    Failure   Level
 Ensorcelled Hibernation  Hex/Ice        8%         N/A       24%         2
 Confusing Touch          Hex            7%         N/A       24%         3
 Tukima's Dance           Hex            7%         N/A       24%         3
 Dazzling Flash           Conj/Hex       14%        N/A       26%         3
 Conjure Flame            Conj/Fire      4%         6-21      43%         3
 Inner Flame              Hex/Fire       4%         N/A       43%         3
 Malign Gateway           Summ/Tloc      0%         N/A       100%        7
 Summon Horrible Things   Summ           0%         N/A       100%        8


Dungeon Overview and Level Annotations

Branches:
Dungeon (1/15)

Altars:


Message History

You kill the hobgoblin!
You have reached level 2!
Casting: Corona (safe; 9% risk of failure)
Confirm with . or Enter, or press ? or * to list all spells.
Aiming: Magic Dart (safe; 9% risk of failure)
Press: ? - help, Shift-Dir - straight line, f - endoplasm
Aim: an endoplasm (100% to hit)
The magic dart hits the endoplasm.
The endoplasm is lightly wounded.
The endoplasm hits you.
You hit the endoplasm but do no damage.
The endoplasm is lightly wounded.
The endoplasm barely misses you.
You hit the endoplasm but do no damage.
The endoplasm is lightly wounded.
The endoplasm freezes you.
You are frozen.
You barely miss the endoplasm.
The endoplasm is lightly wounded.
The endoplasm freezes you.
You are frozen.
You hit the endoplasm.
The endoplasm is severely wounded.
The endoplasm freezes you.
You are frozen.
* * * LOW HITPOINT WARNING * * *
You barely miss the endoplasm.
The endoplasm is severely wounded.
The endoplasm misses you.
You hit the endoplasm.
You kill the endoplasm!
The goblin hits you with a +0 club.
* * * LOW HITPOINT WARNING * * *
The giant cockroach bites you but does no damage.
You hit the goblin.
The goblin is moderately wounded.
The giant cockroach bites you.
* * * LOW HITPOINT WARNING * * *
The goblin hits you with a +0 club.
You die...

#.............?##
....
#....#.####....#
....
######.####....#
.### #.#.......+
....
#####.........#
.###
#...'........... ..
#.###.......#...
.... #.# #B#+#...+
.... #.###@#.#...#
.... #.....g.#...#
... #####.......##
#........#####.#
####..##...........
#................[
#.##..............
# #..##....###..# #
#........###..####


You could see a giant cockroach and a goblin.

Vanquished Creatures
  2 endoplasms (D:1)
  2 hobgoblins (D:1)
  A quokka (D:1)
  A goblin (D:1)
6 creatures vanquished.

Notes
Turn   | Place    | Note
-------+----------+-------------------------------------------
     0 | D:1      | spaced the Human Wanderer began the quest for the Orb.
     0 | D:1      | spaced set off with the following items: a +0 dagger, a +0
                  | robe; and the following spells available to memorise:
                  | Corona, Magic Dart, Ensorcelled Hibernation, Confusing
                  | Touch, Dazzling Flash, Tukima's Dance, Conjure Flame, Inner
                  | Flame
     0 | D:1      | Reached XP level 1. HP: 13/13 MP: 3/3
     2 | D:1      | Learned a level 1 spell: Magic Dart
     4 | D:1      | Learned a level 1 spell: Corona
   799 | D:1      | Reached XP level 2. HP: 13/19 MP: 1/5
   807 | D:1      | Slain by a goblin

Illustrated notes

Levels and vault maps discovered:
D:1:      nicolae_arrival_somewhat_less_tricky_arrival, layout_basic,
          minmay_surrounded

Action                   || total
-------------------------++-------
Melee: Dagger            ||    20
 Cast: Magic Dart        ||     5
       Corona            ||     2
 Stab: Sleeping          ||     1
Armor: Robe              ||     3
Dodge: Dodged            ||     9
